 Dungeon Sprint DCSS version 0.20-a0-1116-gaa52201 (webtiles) character file.

5324 potatolord5000 the Protected (level 10, -3/105 (106) HPs)
             Began as a Deep Dwarf Fighter on May 8, 2017.
             Was an Initiate of Gozag.
             Succumbed to a death drake's dark miasma
             ... in the Dungeon (Sprint II: "The Violet Keep of Menkaure").
             The game lasted 00:16:47 (1178 turns).

potatolord5000 the Protected (Deep Dwarf Fighter)   Turns: 1178, Time: 00:16:47

HP:   -3/105 (106)  AC: 25    Str: 23    XL:     10   Next: 38%
MP:   2/2           EV:  7    Int:  9    God:    Gozag
Gold: 298           SH: 19    Dex: 17    Spells: 9/9 levels left

rFire    + . .     SeeInvis .   a - +1 war axe
rCold    . . .     Gourm    .   h - +0 shield {reflect}
rNeg     . . .     Faith    .   e - +6 plate armour {rF+}
rPois    .         Spirit   .   (no helmet)
rElec    .         Reflect  +   (no cloak)
rCorr    .         Harm     .   (no gloves)
MR       +....     NoTele   +   d - +0 pair of boots
Stlth    ..........             c - +5 amulet of reflection
Regen    0.0/turn               w - +5 ring of dexterity
MPRegen  0.1/turn               n - +1 ring of slaying

@: lethally poisoned (-3 -> -40), gold aura, non-regenerating, diseased, slowed,
very slow
A: damage resistance, heal wounds, slimy green scales 1, sense surroundings 2,
evolution 1, no potion heal 1, subdued magic 1, no regeneration
a: Heal Wounds, Potion Petition, Call Merchant, Bribe Branch, Renounce Religion


You were in the Dungeon.
You worshipped Gozag.
Gozag was aware of your devotion.
You were very full.

You visited 1 branch You collected 2959 gold pieces.
You spent 2256 gold pieces at shops.
You paid 405 gold pieces to Gozag.

Inventory:

Hand Weapons
 a - a +1 war axe (weapon)
Armour
 d - a +0 pair of boots (worn)
 e - a +6 plate armour of fire resistance (worn)
 h - a +0 shield of reflection (worn)
Jewellery
 c - a +5 amulet of reflection (around neck)
 n - a +1 ring of slaying (right hand)
 w - a +5 ring of dexterity (left hand)
Scrolls
 b - 2 scrolls of remove curse
 k - 2 scrolls of blinking
 o - a scroll of identify
 t - a scroll of recharging {unknown}
 u - a scroll of amnesia {unknown}
Potions
 i - 5 potions of magic
 l - a potion of agility
 m - 4 potions of resistance
 r - 3 potions of flight {unknown}
 s - 3 potions of curing


   Skills:
 + Level 11.7 Fighting
 + Level 13.4 Axes
 + Level 13.6 Armour
 + Level 13.6 Shields


You had 9 spell levels left.
You didn't know any spells.

Dungeon Overview and Level Annotations

Branches:
Dungeon (1/1)

Altars:
Cheibriados
Dithmenos
Elyvilon
Fedhas
Gozag
Hepliaklqana
Kikubaaqudgha
Makhleb
Nemelex Xobeh
Okawaru
Qazlal
Ru
Sif Muna
Trog
Uskayaw
Vehumet
Wu Jian
Xom
Yredelemnul
Zin
The Shining One
Beogh
Jiyva
Lugonu

Shops:
D :(:[=%!}[=!:[==?

Annotations:
D exclusions: obsidian statue and oklob plant


Innate Abilities, Weirdness & Mutations

You are resistant to damage.
You can heal yourself by infusing magical energy.
You passively map the area around you.
You do not regenerate.
You are partially covered in slimy green scales. (AC +2)
You evolve.
Potions are less effective at restoring your health.
Your spells are a little easier to cast, but a little less powerful.


Message History

The death drake closely misses you. The death drake bites you.
* * * LOW HITPOINT WARNING * * *
Unknown command.
Your plate armour prevents you from hitting the death drake.
The death drake is lightly wounded.
You feel less confused.
You feel very sick.
The death drake bites you but does no damage.
The death drake breathes miasma at you. The foul vapour engulfs you!
The swamp drake is engulfed in dark miasma.
You hit the death drake but do no damage.
The death drake is lightly wounded.
You are engulfed in dark miasma.
You are lethally poisoned!
You feel as though you will be slow longer.
* * * LOW HITPOINT WARNING * * *
You feel a little less agile now.
You die...
Your body crumbles into a pile of gold.

** + * * $ $ , , ▓▓▓ * ,$ , * $ ,
,..▓, $, , *$ $* $ ▓▓+▓▓▓▓.▓ *$ $
, ,, ##++# ,, +§..▓0..▓ , $ ,
#§...### #§..▓▓▓▓▓▓▓▓▓▓ # ,
≈.....# #..§▓≈≈≈≈≈≈≈≈▓ #++ *
#.§§§# ##§}▓▓▓▓▓▓▓▓▓▓ ..., $
+.§§§# k#|§▓(.(..)[.▓ ≈.# + *,,
*#@# 8#}§▓....((.[▓ ≈###*
##.####$,+k##§#))▓(.))...(▓
≈#..##.#,...#, #8k.####▓"[.((.()▓
###...# ..## ##..##.#▓.)...(..▓
.###'## #..#, +..#..#▓..((.(..▓
#.##.#### #..#$ #..#..#▓.(.[).([▓
##'.<.'.#*+..####.^##.#▓[...)...▓
#.##.##...#.§..###...##▓▓▓▓▓▓▓'▓▓
.###'###.##....§.≈≈)≈≈≈≈≈≈≈≈≈§...


You could see a death drake, a crystal guardian and a swamp drake.

Vanquished Creatures
  A kraken (D)
  2 deep trolls (D)
  A merfolk siren (D)
  A yaktaur (D)
  A hornet (D)
  3 polar bears (D)
  2 hippogriffs (D)
  4 neqoxecs (D)
  Menkaure (D)
  3 crocodiles (D)
  A hell rat (D)
  2 worms (D)
  6 tentacles (D)
28 creatures vanquished.

Vanquished Creatures (others)
  A crocodile (D)
  23 tentacles (D)
24 creatures vanquished.

Grand Total: 52 creatures vanquished

Notes
Turn   | Place    | Note
-------+----------+-------------------------------------------
     0 | D        | potatolord5000 the Deep Dwarf Fighter began the quest for the Orb.
     0 | D        | Reached XP level 1. HP: 20/20 MP: 1/1
     1 | D        | Noticed a neqoxec
     1 | D        | Noticed a neqoxec
     1 | D        | Noticed a neqoxec
     1 | D        | Noticed a neqoxec
     3 | D        | Noticed a crimson imp
     3 | D        | Gained mutation: You are weak. (Str -2) [a neqoxec]
     8 | D        | Killed a neqoxec
     8 | D        | Reached skill level 5 in Fighting
     8 | D        | Reached skill level 5 in Axes
     8 | D        | Reached XP level 2. HP: 32/32 MP: 2/2
     8 | D        | Reached XP level 3. HP: 39/39 MP: 3/3
     8 | D        | Reached XP level 4. HP: 46/46 MP: 4/4
     9 | D        | Gained mutation: Potions are less effective at restoring your health. [a neqoxec]
    14 | D        | Killed a neqoxec
    14 | D        | Reached XP level 5. HP: 55/55 MP: 5/5
    16 | D        | Killed a neqoxec
    16 | D        | Reached XP level 6. HP: 63/63 MP: 6/6
    21 | D        | Killed a neqoxec
    25 | D        | Reached XP level 7. HP: 69/72 MP: 7/7
    30 | D        | Noticed a merfolk siren
    36 | D        | Killed a merfolk siren
    43 | D        | Noticed a hippogriff
    43 | D        | Noticed a hippogriff
    49 | D        | Killed a hippogriff
    49 | D        | Reached skill level 10 in Armour
    49 | D        | Reached skill level 10 in Shields
    49 | D        | Reached XP level 8. HP: 70/82 MP: 8/8
    53 | D        | Killed a hippogriff
    53 | D        | Reached skill level 10 in Axes
    78 | D        | Found Oshem's Book Emporium.
    78 | D        | Found Ykhletwann's Jewellery Emporium.
    78 | D        | Found Retiuplu's Armour Shoppe.
    78 | D        | Found Dekh's Magic Scroll Emporium.
    78 | D        | Found Emneil's Distillery.
    78 | D        | Found Pahats's Antique Armour Shoppe.
    78 | D        | Found Ezuhifogac's Jewellery Shoppe.
    79 | D        | Found Uphiul's Jewellery Emporium.
    79 | D        | Found Fuwuotae's Gadget Shoppe.
    80 | D        | Found Cehac's Distillery.
    80 | D        | Found Utsi's Food Emporium.
    82 | D        | Found Silempyo's Jewellery Emporium.
    82 | D        | Found Iraoqal's Antique Armour Shoppe.
    82 | D        | Noticed Menkaure
    82 | D        | Noticed an ice dragon
    82 | D        | Noticed an oklob plant
    83 | D        | Found Ufuefevo's Antique Weapon Shoppe.
    83 | D        | Found Ucvan's Book Shoppe.
    83 | D        | Found Umacif's Book Emporium.
    83 | D        | Noticed a shining eye
    85 | D        | Noticed a shining eye
    86 | D        | Noticed a shining eye
   109 | D        | Killed Menkaure
   114 | D        | Noticed a polar bear
   116 | D        | Noticed a polar bear
   126 | D        | Bought a pair of boots for 76 gold pieces
   126 | D        | Bought a glowing shield for 127 gold pieces
   143 | D        | Bought a +5 amulet of reflection for 576 gold pieces
   161 | D        | Bought a chain mail for 112 gold pieces
   412 | D        | Found an iron altar of Okawaru.
   412 | D        | Found an opulent altar of Gozag.
   413 | D        | Found a sparkling altar of Nemelex Xobeh.
   413 | D        | Found a blossoming altar of Fedhas.
   414 | D        | Found a radiant altar of Vehumet.
   414 | D        | Found a burning altar of Makhleb.
   414 | D        | Found a white marble altar of Elyvilon.
   415 | D        | Found a hide-covered altar of Uskayaw.
   415 | D        | Found a corrupted altar of Lugonu.
   415 | D        | Found a shadowy altar of Dithmenos.
   416 | D        | Found a glowing silver altar of Zin.
   416 | D        | Found a bloodstained altar of Trog.
   416 | D        | Found an ancient bone altar of Kikubaaqudgha.
   416 | D        | Found a snail-covered altar of Cheibriados.
   417 | D        | Found a basalt altar of Yredelemnul.
   417 | D        | Found a deep blue altar of Sif Muna.
   417 | D        | Found a viscous altar of Jiyva.
   418 | D        | Found a shimmering altar of Xom.
   418 | D        | Found a sacrificial altar of Ru.
   420 | D        | Found a glowing golden altar of the Shining One.
   420 | D        | Found an ornate altar of the Wu Jian Council.
   420 | D        | Found a stormy altar of Qazlal.
   420 | D        | Found a hazy altar of Hepliaklqana.
   420 | D        | Noticed a hornet
   420 | D        | Noticed a polar bear
   421 | D        | Noticed a polar bear
   421 | D        | Found a roughly hewn altar of Beogh.
   421 | D        | Noticed a yaktaur
   422 | D        | Noticed a polar bear
   426 | D        | Became a worshipper of Gozag Ym Sagoz the Greedy
   436 | D        | Paralysed by a hornet for 2 turns
   444 | D        | Paralysed by a hornet for 3 turns
   455 | D        | Killed a hornet
   474 | D        | Killed a polar bear
   475 | D        | Killed a polar bear
   475 | D        | Gained mutation: You passively map the area around you. [Deep Dwarf growth]
   475 | D        | Reached XP level 9. HP: 40/93 MP: 7/7
   485 | D        | Killed a polar bear
   485 | D        | Reached skill level 10 in Fighting
   491 | D        | Killed a yaktaur
   516 | D        | Noticed a kraken
   711 | D        | Lost mutation: You are weak. (Str -2) [potion of mutation]
   711 | D        | Gained mutation: You are partially covered in slimy green scales. (AC +2) [potion of mutation]
   711 | D        | Gained mutation: Your spells are a little easier to cast, but a little less powerful. [potion of mutation]
   711 | D        | Gained mutation: You evolve. [potion of mutation]
   712 | D        | Noticed a deep troll
   713 | D        | Noticed a deep troll
   725 | D        | Killed a deep troll
   738 | D        | Killed a deep troll
   825 | D        | Bought a +3 plate armour of fire resistance for 540 gold pieces
   838 | D        | Bought a potion of haste for 120 gold pieces
   838 | D        | Bought a potion of heal wounds for 60 gold pieces
   838 | D        | Bought a potion of agility for 48 gold pieces
   838 | D        | Bought a potion of agility for 48 gold pieces
   842 | D        | Bought an ichor-stained chain mail for 237 gold pieces
   854 | D        | Bought a scroll of enchant armour for 90 gold pieces
   854 | D        | Bought a scroll of enchant armour for 90 gold pieces
   854 | D        | Bought a scroll of identify for 24 gold pieces
   854 | D        | Bought a scroll of identify for 24 gold pieces
   854 | D        | Identified the cursed +1 chain mail "Asezub" {Str+4} (You bought it in a shop in the Dungeon)
   861 | D        | Bought a +1 ring of slaying for 84 gold pieces
  1014 | D        | Noticed an obsidian statue
  1128 | D        | Killed a kraken
  1128 | D        | Reached XP level 10. HP: 56/106 MP: 2/2
  1149 | D        | Noticed a death drake
  1154 | D        | Noticed a crystal guardian
  1178 | D        | HP: 2/105 [death drake] (12)]
  1178 | D        | Succumbed to a death drake's dark miasma

Vault maps used:
D:        the_violet_keep_of_menkaure

Skill      XL: |  1  2  3  4  5  6  7  8  9 |
---------------+----------------------------+-----
Fighting       | 5 6 7 8 9 11 | 11.7
Axes           | 5 7 8 9 11 13 | 13.4
Armour         | 6 7 8 10 11 13 | 13.6
Shields        | 6 7 8 10 11 13 | 13.6

Action                   |  1- 3 |  4- 6 |  7- 9 | 10-12 || total
-------------------------+-------+-------+-------+-------++-------
Melee: War axe           |     6 |    14 |   200 |     7 ||   227
Invok: Potion Petition   |       |       |     2 |       ||     2
 Abil: Heal Wounds       |       |       |    18 |       ||    18
  Use: Potion            |     1 |       |     9 |       ||    10
       Scroll            |       |       |    11 |       ||    11
  Eat: Royal jelly       |       |       |     2 |       ||     2
       Bread ration      |       |       |     1 |       ||     1
Armor: Scale mail        |     1 |     5 |     4 |       ||    10
       Chain mail        |       |       |    63 |       ||    63
       Plate armour      |       |       |    19 |    12 ||    31
Dodge: Dodged            |     1 |     2 |    72 |     5 ||    80
Block: Shield            |     2 |     7 |   217 |     2 ||   228
